Map: Flooded City

Players

BizMac - Winner!

  • Race: Zerg Zerg
  • Spawn Location: 6:00

ILIEKEGGPIE - Winner!

  • Race: Protoss Protoss
  • League: Platinum
  • Spawn Location: 6:00

MarkBang

  • Race: Terran Terran
  • League: Diamond
  • Spawn Location: 12:00

TetraYoli

  • Race: Zerg Zerg
  • Spawn Location: 12:00

VOD

Have the link to the VOD?

Description

Time

  • Played on: April 6, 2018, 1:40 p.m.
  • Length: 9:48
Show
View Real Time Build Order
Export as new Build Order

BizMac Zerg - Winner!

Build Orders: Pool First 

Get SALT Encoding   

  12  0:01  Drone  
  13  0:12  Overlord  
  13  0:18  Drone  
  14  0:31  Drone x2  
  17  0:35  Drone  
  17  0:42  Extractor  
  16  0:47  Drone  
  17  0:53  Spawning Pool  
  17  0:57  Drone  
  17  1:08  Drone  
  18  1:27  Hatchery  
  17  1:33  Drone  
  18  1:40  Queen  
  20  1:49  Overlord  
  20  1:54  Metabolic Boost  
  20  2:01  Zergling x2  
  21  2:02  Zergling x2  
  22  2:20  Drone x2  
  24  2:29  Zergling x2  
  25  2:34  Extractor  
  25  2:36  Queen  
  24  2:41  Queen  
  28  2:55  Drone x3  
  28  2:56  Drone x3  
  34  3:08  Drone  
  34  3:09  Drone  
  34  3:10  Overlord  
  35  3:18  Zergling x2  
  36  3:24  Spine Crawler  
  36  3:25  Zergling x2  
  35  3:42  Zergling x12  
  38  4:17  Overlord x3  
  38  4:18  Overlord  
  37  4:33  Lair  
  37  4:41  Drone x6  
  39  4:54  Drone x2  
  39  4:55  Hatchery  
  40  5:02  Drone  
  40  5:03  Drone x3, Extractor x2  
  42  5:17  Zergling x6  
  42  5:18  Zergling x6  
  48  5:25  Zergling x2  
  48  5:28  Spine Crawler  
  48  5:33  Zergling x10  
  53  5:41  Zergling x2  
  54  5:47  Roach Warren  
  53  5:58  Hydralisk Den  
  53  6:02  Evolution Chamber x2, Drone  
  53  6:03  Drone x3  
  54  6:07  Drone x3  
  54  6:08  Drone  
  58  6:22  Drone  
  58  6:23  Drone x5  
  60  6:34  Queen  
  62  6:49  Roach x4  
  62  6:50  Roach  
  72  6:55  Glial Reconstitution  
  72  7:08  Drone x2  
  74  7:10  Overlord x3  
  74  7:21  Zerg Ground Armor Level 1, Zerg Missile Weapons Level 1  
  74  7:26  Spore Crawler  
  74  7:29  Spore Crawler  
  72  7:33  Spore Crawler x2, Drone  
  72  7:34  Drone x4  
  64  8:08  Roach x8, Hydralisk x4  
  88  8:22  Hydralisk x2  
  88  8:23  Roach x3  
  97  8:59  Queen  
  97  9:02  Overlord x2  
  97  9:03  Overlord x3  
Show
View Real Time Build Order
Export as new Build Order

ILIEKEGGPIE Protoss - Winner!

Build Orders:  

Get SALT Encoding   

  12  0:01  Probe  
  13  0:13  Probe  
  14  0:18  Pylon  
  14  0:25  Probe (Chrono Boost)  
  15  0:38  Probe (Chrono Boost)  
  15  0:40  Gateway  
  16  0:53  Assimilator  
  16  1:13  Probe  
  17  1:24  Assimilator  
  17  1:25  Probe (Chrono Boost)  
  18  1:33  Cybernetics Core  
  18  1:37  Probe (Chrono Boost)  
  19  1:45  Gateway, Probe (Chrono Boost)  
  20  1:51  Zealot (Chrono Boost)  
  22  1:56  Probe  
  23  2:16  Pylon  
  23  2:25  Forge  
  23  2:36  Gateway, Warp Gate  
  23  2:38  Pylon  
  23  2:51  Stalker  
  23  2:52  Stalker  
  27  3:07  Photon Cannon  
  27  3:08  Probe (Chrono Boost)  
  28  3:18  Probe (Chrono Boost)  
  29  3:31  Stalker x2  
  32  3:52  Probe  
  31  4:04  Probe  
  31  4:08  Stalker x3  
  38  4:16  Protoss Ground Weapons Level 1 (Chrono Boost)  
  38  4:28  Probe  
  39  4:55  Robotics Facility  
  39  5:17  Pylon  
  39  5:19  Pylon  
  39  5:27  Probe  
  38  5:39  Stalker  
  38  5:40  Stalker x2  
  42  5:52  Observer (Chrono Boost)  
  41  6:10  Immortal (Chrono Boost), Photon Cannon  
  45  6:24  Pylon  
  45  6:51  Nexus  
  45  6:53  Pylon, Probe  
  46  7:06  Protoss Ground Armor Level 1 (Chrono Boost)  
  46  7:18  Twilight Council  
  46  7:21  Probe (Chrono Boost)  
  48  7:31  Pylon, Probe (Chrono Boost)  
  48  7:36  Probe (Chrono Boost)  
  49  7:47  Probe  
  48  8:29  Assimilator  
  48  8:30  Gateway  
  48  8:33  Gateway  
  48  8:36  Gateway  
  46  9:04  Gateway  
  46  9:07  Gateway  
  46  9:09  Immortal  
  50  9:38  Stalker x2  
  52  9:39  Stalker  
Show
View Real Time Build Order
Export as new Build Order

MarkBang Terran 

Build Orders: Cyclone Opening 

Get SALT Encoding   

  12  0:01  SCV  
  13  0:13  SCV  
  14  0:18  Supply Depot  
  14  0:25  SCV  
  15  0:31  Refinery  
  15  0:40  SCV  
  16  0:50  Barracks  
  16  0:52  SCV  
  17  0:58  Refinery  
  17  1:04  SCV  
  18  1:17  SCV  
  19  1:36  Orbital Command  
  19  1:38  Factory  
  19  1:39  Barracks Reactor  
  19  1:52  Supply Depot  
  19  2:03  SCV  
  20  2:29  Cyclone x2  
  26  2:35  Starport  
  26  2:36  SCV  
  27  2:42  Barracks Reactor  
  27  2:45  Supply Depot  
  27  2:57  SCV  
  28  3:01  Hellion  
  30  3:07  Hellion  
  32  3:15  SCV  
  33  3:23  Hellion  
  35  3:29  Hellion  
  35  3:50  Liberator x2  
  26  4:09  Widow Mine x2  
  32  4:20  SCV  
  33  4:27  Barracks Tech Lab  
  33  4:57  Cyclone  
  33  4:58  Cyclone  
  39  5:06  Supply Depot, Medivac, Marine, SCV  
  43  5:18  SCV  
  44  5:38  SCV  
  45  5:45  Command Center  
  42  6:21  SCV  
  43  6:31  Medivac x2  
  47  6:33  SCV  
  47  6:35  Hellion x2  
  47  6:39  Armory  
  49  6:44  Factory  
  49  6:47  Factory  
  49  6:49  SCV  
  50  7:06  Orbital Command  
  50  7:10  SCV  
  51  7:30  Medivac x2  
  51  7:32  SCV x2  
  51  7:36  Refinery  
  57  7:38  Refinery  
  57  7:43  Factory Tech Lab x2  
  57  7:44  SCV x2  
  46  8:11  Liberator  
  46  8:16  Siege Tank  
  46  8:17  Siege Tank, Hellbat x2  
  50  8:27  Marauder  
  51  8:59  Hellbat  
  51  9:00  Hellbat  
  45  9:06  Marauder  
  32  9:24  Factory Tech Lab x2  
  30  9:34  SCV x2  
Show
View Real Time Build Order
Export as new Build Order

TetraYoli Zerg 

Build Orders: Hatch First 

Get SALT Encoding   

  12  0:02  Drone  
  13  0:15  Overlord  
  13  0:24  Drone  
  14  0:39  Drone x3  
  17  0:59  Drone  
  18  1:04  Hatchery  
  17  1:16  Spawning Pool  
  16  1:19  Drone  
  16  1:20  Drone  
  16  1:23  Extractor  
  16  1:25  Drone  
  18  1:33  Drone  
  19  1:45  Overlord  
  19  2:02  Drone  
  19  2:06  Queen  
  22  2:09  Zergling x2  
  23  2:20  Queen  
  25  2:28  Zergling x8  
  29  2:33  Spine Crawler  
  27  2:57  Queen  
  29  3:06  Drone x6  
  29  3:10  Metabolic Boost  
  35  3:15  Lair  
  35  4:07  Drone  
  35  4:08  Overlord  
  35  4:09  Overlord x4  
  36  4:10  Overlord x2  
  32  4:46  Zergling x2  
  32  4:47  Zergling x22  
  44  5:21  Drone  
  44  5:22  Drone x5  
  49  5:38  Drone  
  49  5:39  Drone x5  
  49  5:42  Extractor  
  54  5:44  Spore Crawler  
  53  5:51  Queen, Extractor x2  
  53  5:55  Drone x2  
  55  5:58  Drone  
  55  6:00  Drone  
  57  6:39  Drone x3  
  61  6:40  Drone x3  
  63  6:48  Drone x4  
  67  6:58  Infestation Pit  
  67  6:59  Spire  
  65  7:02  Hydralisk Den  
  65  7:07  Burrow  
  64  7:13  Overlord x5  
  64  7:22  Overlord x2  
  64  7:36  Hive  
  64  7:45  Lurker Den  
  43  8:10  Hydralisk x7  
  43  8:11  Hydralisk  
  33  8:55  Hydralisk  
  33  8:56  Hydralisk x2  
Tags
 
Add a new tag
Caveats
  • Supply blocks, unpowered buildings, or Contaminate may cause inaccurate times.
  • Supply counts are checked every 10 seconds.